 Dungeon Crawl Stone Soup version 0.18-a0-337-g1235303 (webtiles) character file.

7274 4thArraOfDagon the Cleaver (level 11, -2/100 HPs)
             Began as a Hill Orc Artificer on Nov 28, 2015.
             Was a Priest of the Shining One.
             Slain by a gnoll sergeant
             ... wielding a +3 spear of piercing
              (7 damage)
             ... on level 12 of the Dungeon.
             The game lasted 00:34:33 (5625 turns).

4thArraOfDagon the Cleaver (Hill Orc Artificer)     Turns: 5625, Time: 00:34:33

Health: -2/100     AC: 15    Str: 20    XL:     11   Next: 12%
Magic:  14/16      EV:  7    Int: 15    God:    the Shining One [***...]
Gold:   225        SH: 10    Dex: 11    Spells: 1 memorised, 6 levels left

rFire  . . .     SeeInvis .     t - +0 war axe
rCold  . . .     Clarity  .     k - +0 plate armour
rNeg   + . .     SustAt   .     (no shield)
rPois  +         Gourm    .     (no helmet)
rElec  .         Spirit   .     (no cloak)
rCorr  .         Warding  .     m - +0 pair of gloves
rMut   .         Stasis   .     (no boots)
MR     .....                    J - amulet of regeneration
Stlth  ..........               (no ring)
                                q - ring of poison resistance

@: mighty, divine shield, glowing, not resistant to hostile enchantments,
extremely unstealthy
A: no striking features
a: Divine Shield, Renounce Religion


You were on level 12 of the Dungeon.
You worshipped the Shining One.
The Shining One was most pleased with you.
You were not hungry.

You visited 1 branch of the dungeon, and saw 13 of its levels.

You collected 585 gold pieces.
You spent 360 gold pieces at shops.

Inventory:

Hand Weapons
 t - a +0 war axe (weapon)
 w - a +1 hand axe of flaming
 R - a +3 blowgun
 S - a +0 short sword of distortion
Missiles
 K - 4 tomahawks of dispersal (quivered)
Armour
 i - a +0 cloak
 k - a +0 plate armour (worn)
 m - a +0 pair of gloves (worn)
 s - a +3 chain mail
Magical Staves
 v - an uncursed staff of earth {unknown}
Jewellery
 q - a ring of poison resistance (left hand)
 J - an amulet of regeneration (around neck)
Wands
 a - a wand of teleportation (1)
 c - a wand of flame (4)
 d - a wand of enslavement (0)
 e - a wand of random effects (0)
 j - a wand of random effects (14)
 p - a wand of digging (11)
 y - a wand of polymorph (7)
 A - a wand of frost (19)
 E - a wand of confusion (18)
 M - a wand of disintegration (14)
Scrolls
 b - 7 scrolls of remove curse
 C - a scroll of fog {unknown}
 D - a scroll of immolation
 H - a scroll of enchant weapon {unknown}
 L - a scroll of brand weapon {unknown}
Potions
 n - 4 potions of curing
 o - a potion of cancellation
 r - 2 potions of invisibility
 u - a potion of resistance
 x - a potion of magic
 z - a potion of lignification
 G - 2 potions of haste {unknown}
 O - 2 potions of heal wounds {unknown}
 P - a potion of flight {unknown}
 Q - a potion of cure mutation {unknown}
Books
 B - a book of Burglary

   Spells                             Type                      Level
   a - Swiftness                      Charms/Air                   2
   b - Passwall                       Transmutation/Earth          3
   c - Passage of Golubria            Translocation                4
   d - Lee's Rapid Deconstruction     Earth                        5
   e - Darkness                       Hexes                        6
   f - Invisibility                   Hexes                        6
Miscellaneous
 I - a plain deck of wonders
 N - a plain deck of summoning
Comestibles
 f - 5 bread rations
 g - a royal jelly
 h - a beef jerky
 l - 3 meat rations


   Skills:
 + Level 10.2 Fighting
 - Level 1.0 Short Blades
 * Level 13.7 Axes
 + Level 8.5 Armour
 - Level 1.5 Dodging
 - Level 0.7 Stealth
 + Level 6.7 Invocations
 - Level 3.0 Evocations


You had 6 spell levels left.
You knew the following spells:

 Your Spells              Type           Power        Failure   Level  Hunger
a - Passage of Golubria   Tloc           N/A          100%        4    #####..


Dungeon Overview and Level Annotations

Branches:
Dungeon (13/15)            Temple (0/1) D:6            Lair (0/8) D:8
    Orc (0/4) D:12
 Vaults: D:13-14

Altars:
Nemelex Xobeh
Okawaru
Sif Muna
Trog
Vehumet
The Shining One

Shops:
D:4 *   D:9 ?[=

Annotations:
D:8 Raultor's ghost, novice OpTm
D:12 Urug


Message History

You hit the ogre.
You kill the ogre!
The gnoll sergeant hits you from afar with a spear of piercing.
* * * LOW HITPOINT WARNING * * *
x2 You block the big kobold's attack.
You block the troll's attack. The troll claws you.
* * * LOW HITPOINT WARNING * * *
The troll claws you but does no damage.
Unknown command.
Unknown command.
You hit the troll.
The troll is almost dead.
You hit the orc.
The orc is moderately wounded.
You slash the big kobold!
You kill the big kobold!
The orc warrior hits you from afar with a trident!
* * * LOW HITPOINT WARNING * * *
The gnoll sergeant hits you from afar with a spear of piercing!
You die...

........# #. ........# #.##
....<..# ..# .......# ##.#
.......# #.=## ......##
#######.#.## ......#
#8..o8#.#..# .....##
#..oo)#.#..## .....#
###..ggT@.#...### .....#
#.#...Ko#.#.....## ...###
#.#8..O8#.#).....##
.########.#######.#........#
...........................#
..............(.##.........#
###########.#..###.........#
#...## #.........# #..##
##........#


You could see a troll, 2 orc warriors, a big kobold, an ogre, 2 gnoll sergeants
and 2 orcs.

Vanquished Creatures
  Pikel (D:7)
  A troll (D:10)
  A two-headed ogre (D:12)
  A deep elf mage (D:10)
  A hog (D:12)
  12 yaks
  4 vampire mosquitoes (D:12)
  2 hippogriffs (D:8)
  Edmund (D:6)
  A soldier ant (D:12)
  A black bear (D:10)
  A sky beast (D:8)
  8 ogres
  A necrophage (D:10)
  2 orc warriors (D:12)
  2 centaurs (D:5)
  2 big kobolds (D:12)
  8 giant frogs
  2 gnoll sergeants (D:12)
  A wyvern zombie (D:9)
  A wyvern skeleton (D:7)
  A scorpion (D:8)
  A water moccasin skeleton (D:7)
  A killer bee (D:7)
  A centaur zombie (D:12)
  4 hounds
  5 orc wizards
  7 crimson imps
  2 giant frog skeletons
  Crazy Yiuf (D:6)
  A centaur skeleton (D:11)
  2 iguanas
  5 jellies
  3 orc priests
  8 worker ants
  3 hound skeletons (D:9)
  2 worker ant zombies
  2 gnolls (D:12)
  7 adders
  5 shadow imps
  5 giant geckos
  27 orcs
  4 hobgoblins
  8 jackals
  3 quokkas
  3 ball pythons
  2 bats
  A giant cockroach (D:8)
  A giant gecko skeleton (D:4)
  A giant newt (D:7)
  5 goblins
  A jackal zombie (D:6)
  A kobold (D:3)
  A quokka skeleton (D:5)
  A rat (D:1)
179 creatures vanquished.

Vanquished Creatures (collateral kills)
  A sky beast (D:6)
  An orc wizard (D:10)
  A shadow imp (D:5)
  8 orcs
  2 jackals (D:6)
  A quokka (D:6)
14 creatures vanquished.

Vanquished Creatures (others)
  The ghost of Raultor the Destroyer, a novice OpCj (D:4)
  An orc warrior (D:10)
  3 slaves (D:7)
  2 killer bees (D:7)
  A giant gecko (D:4)
  An orc (D:3)
  A fulminant prism (D:4)
10 creatures vanquished.

Grand Total: 203 creatures vanquished

Notes
Turn   | Place    | Note
--------------------------------------------------------------
     0 | D:1      | 4thArraOfDagon the Hill Orc Artificer began the quest for the Orb.
     0 | D:1      | Reached XP level 1. HP: 16/16 MP: 3/3
   142 | D:1      | Reached XP level 2. HP: 6/25 MP: 4/4
   168 | D:2      | You fall through a shaft!
   472 | D:2      | Reached skill level 1 in Axes
   472 | D:2      | Reached XP level 3. HP: 31/31 MP: 5/5
   579 | D:3      | Reached skill level 1 in Armour
   623 | D:4      | Reached XP level 4. HP: 36/38 MP: 6/6
   631 | D:4      | Found a bloodstained altar of Trog.
   693 | D:4      | Noticed Raultor's ghost (novice OpCj)
   697 | D:4      | Killed Raultor's ghost
   702 | D:4      | rotfl
   711 | D:5      | Entered Level 5 of the Dungeon
   766 | D:5      | Noticed a sky beast
   779 | D:5      | Found a radiant altar of Vehumet.
   858 | D:6      | Noticed Crazy Yiuf
   871 | D:6      | Noticed a giant frog
   875 | D:6      | Killed Crazy Yiuf
   906 | D:6      | Killed a giant frog
   906 | D:6      | Reached skill level 4 in Fighting
   906 | D:6      | Reached XP level 5. HP: 41/46 MP: 7/7
  1016 | D:6      | Noticed an ogre
  1027 | D:6      | Killed an ogre
  1027 | D:6      | Reached skill level 5 in Axes
  1027 | D:6      | Reached XP level 6. HP: 34/53 MP: 8/8
  1209 | D:6      | Reached skill level 5 in Fighting
  1209 | D:6      | Reached skill level 6 in Axes
  1209 | D:6      | Reached XP level 7. HP: 17/61 MP: 9/9
  1216 | D:6      | Noticed Edmund
  1232 | D:6      | Killed Edmund
  1304 | D:6      | Gained mutation: You are resistant to hostile enchantments. [mutagenic meat]
  1305 | D:6      | Lost mutation: You are resistant to hostile enchantments. [mutagenic meat]
  1787 | D:5      | Found an iron altar of Okawaru.
  1812 | D:5      | Reached skill level 7 in Axes
  1831 | D:5      | Reached XP level 8. HP: 40/70 MP: 10/10
  1893 | D:4      | Found a glowing golden altar of the Shining One.
  1894 | D:4      | umm
  1899 | D:4      | Became a worshipper of the Shining One
  1946 | D:4      | Found Nanuz's General Store.
  2080 | D:6      | Found a staircase to the Ecumenical Temple.
  2084 | D:6      | meh
  2280 | D:7      | Reached skill level 8 in Axes
  2465 | D:8      | Noticed Raultor's ghost (novice OpTm)
  2514 | D:9      | Found Ywoxit's Magic Scroll Shoppe.
  2562 | D:9      | Found Bihopith's Armour Shoppe.
  2575 | D:9      | Found Zuwnumom's Jewellery Boutique.
  2684 | D:9      | Reached skill level 5 in Armour
  2699 | D:9      | Reached * piety under the Shining One
  2740 | D:9      | Learned a level 4 spell: Passage of Golubria
  2806 | D:9      | Reached skill level 9 in Axes
  2931 | D:10     | Entered Level 10 of the Dungeon
  2941 | D:10     | Noticed a deep elf mage
  2952 | D:10     | Killed a deep elf mage
  2953 | D:10     | Reached XP level 9. HP: 57/79 MP: 11/11
  3050 | D:11     | Reached skill level 10 in Axes
  3083 | D:10     | uhh
  3220 | D:11     | Noticed a hill giant
  3251 | D:10     | Reached ** piety under the Shining One
  3374 | D:10     | Noticed an unseen horror
  3387 | D:10     | Noticed a hill giant
  3499 | D:10     | Reached skill level 1 in Invocations
  3683 | D:8      | Reached skill level 11 in Axes
  3724 | D:8      | Found a staircase to the Lair.
  3724 | D:8      | Noticed an elephant
  4120 | D:8      | Reached XP level 10. HP: 61/90 MP: 12/12
  4128 | D:8      | Found a sparkling altar of Nemelex Xobeh.
  4170 | D:7      | Noticed Pikel
  4195 | D:7      | HP: 2/90 [ogre/giant club (26)]
  4218 | D:7      | Killed Pikel
  4218 | D:7      | Reached skill level 12 in Axes
  4382 | D:9      | Bought an uncursed amulet of regeneration for 360 gold pieces
  4394 | D:9      | Found a deep blue altar of Sif Muna.
  4557 | D:9      | Reached *** piety under the Shining One
  4949 | D:12     | Noticed Urug
  5007 | D:13     | Got a jewelled cloak
  5018 | D:13     | Identified the cursed -5 cloak of the Gastropod {rPois MR+ Dex-4} (You found it on level 13 of the Dungeon)
  5032 | D:13     | Noticed a catoblepas
  5100 | D:12     | Reached skill level 5 in Invocations
  5266 | D:12     | Reached skill level 13 in Axes
  5513 | D:12     | Noticed Sonja
  5519 | D:12     | Noticed Sonja
  5519 | D:12     | Sonja changed into Sonja the hog
  5526 | D:12     | Killed Sonja the hog
  5587 | D:12     | Reached XP level 11. HP: 85/99 MP: 15/15
  5603 | D:12     | Found a staircase to the Orcish Mines.
  5604 | D:12     | Reached **** piety under the Shining One
  5610 | D:12     | Reached skill level 10 in Fighting
  5625 | D:12     | HP: 5/100 [orc warrior/trident (16)]
  5625 | D:12     | Slain by a gnoll sergeant

Vault maps used:
D:1:      onia_arrival_mini_spirals, kennysheep_nondescript
D:3:      first_bread
D:4:      overflow_temple_1_default, serial_shops, shop,
          trog_three_pillars_becter
D:5:      kennysheep_ying_yang, okawaru_trees_2, kennysheep_mini_moat,
          lemuel_round_altar, kennysheep_decorative_pillar, dk_noncrumbling_2
D:6:      minmay_temple_entry_trees, uniq_crazy_yiuf_cottage, uniq_edmund
D:7:      uniq_pikel
D:8:      nemelex_xobeh_ov_fountains_minmay, david_lair_generic, basic_altar,
          grunt_pizzeria, nrook_pool_corridor
D:9:      lemuel_crystal_altar, serial_shops, shop, kennysheep_mini, shop
D:12:     kennysheep_orc_monster_closet_entryway, uniq_sonja, uniq_urug
D:13:     serial_shops, nicolae_shop_window_shopping

Action                   |  1- 3 |  4- 6 |  7- 9 | 10-12 || total
-------------------------+-------+-------+-------+-------++-------
Melee: Short sword       |    28 |       |       |       ||    28
       Hand axe          |    53 |    23 |   209 |       ||   285
       Quarterstaff      |       |    31 |    18 |       ||    49
       War axe           |       |       |   178 |   222 ||   400
Invok: Divine Shield     |       |       |       |     2 ||     2
Evoke: Wand              |    14 |    18 |    20 |    11 ||    63
  Use: Scroll            |     1 |     6 |    16 |     2 ||    25
       Potion            |       |       |     1 |     3 ||     4
  Eat: Chunk             |       |     1 |    11 |     1 ||    13
       Fruit             |       |       |     1 |     4 ||     5
       Pizza             |       |       |       |     2 ||     2
